 Dungeon Crawl Stone Soup version 0.21.1-1-g345015f (webtiles) character file.

8575 empire the Basher (level 11, -1/89 HPs)
             Began as a Gnoll Wanderer on Mar 27, 2018.
             Was an Elder of Cheibriados.
             Slain by a death yak (25 damage)
             ... on level 9 of the Dungeon.
             The game lasted 00:23:48 (7821 turns).

empire the Basher (Gnoll Wanderer)                  Turns: 7821, Time: 00:23:48

Health: -1/89      AC: 12    Str: 29    XL:     11   Next: 33%
Magic:  20/20      EV: 17    Int: 23    God:    Cheibriados [****..]
Gold:   580        SH:  0    Dex: 22    Spells: 22/22 levels left

rFire    . . .     SeeInvis .   a - +3 mace
rCold    . . .     Gourm    .   (no shield)
rNeg     . . .     Faith    .   u - +0 troll leather armour {Purgy}
rPois    .         Spirit   .   v - +1 helmet
rElec    .         Reflect  .   C - +2 cloak
rCorr    .         Harm     .   (no gloves)
MR       .....                  k - +0 pair of boots
Stlth    +++++.....             (no amulet)
HPRegen  0.64/turn              r - ring of stealth
MPRegen  0.17/turn              (no ring)

@: very slow
A: distributed training, fangs 1, strong nose
a: Bend Time, Temporal Distortion, Slouch, Renounce Religion


You were on level 9 of the Dungeon.
You worshipped Cheibriados.
Cheibriados was greatly pleased with you.
You were very hungry.

You visited 2 branches of the dungeon, and saw 11 of its levels.

You collected 580 gold pieces.

Inventory:

Hand Weapons
 a - a +3 mace (weapon)
 b - a +0 arbalest
 i - a +0 spear of piercing
 j - a +0 hunting sling
 q - a +0 great mace
 y - a +3 quarterstaff of chaos
 I - a -3 rapier
 J - a +3 quarterstaff
Missiles
 h - 162 arrows
 t - 7 javelins (quivered)
 A - 14 bolts
 H - 11 poisoned needles
 K - 65 sling bullets
Armour
 e - a +0 ring mail of magic resistance
 g - a +2 scale mail of poison resistance
 k - a +0 pair of boots (worn)
 o - a +2 chain mail of cold resistance
 u - a +0 troll leather armour (worn) {Purgy}
 v - a +1 helmet (worn)
 C - a +2 cloak (worn)
Jewellery
 n - an uncursed ring of teleportation
 p - a +2 ring of strength {unknown}
 r - a ring of stealth (left hand)
 s - an uncursed ring of poison resistance {unknown}
Wands
 c - a wand of enslavement (12)
 d - a wand of flame (31)
 G - a wand of disintegration (6)
 N - a wand of polymorph (15)
Scrolls
 l - 2 scrolls of fear
 x - a scroll of teleportation
 z - 5 scrolls of remove curse
 D - a scroll of immolation
 E - 3 scrolls of identify
 F - 2 scrolls of fog
 O - a scroll of amnesia
Potions
 m - 4 potions of curing
 w - 2 potions of flight
 B - 2 potions of berserk rage
Books
 L - a book of Necromancy

   Spells                             Type                      Level
   a - Pain                           Necromancy                   1
   b - Animate Skeleton               Necromancy                   1
   c - Vampiric Draining              Necromancy                   3
   d - Regeneration                   Charms/Necromancy            3
   e - Animate Dead                   Necromancy                   4
   f - Borgnjor's Vile Clutch         Necromancy/Earth             5
Comestibles
 f - 23 rations


   Skills:
 + Level 9.0 Fighting
 + Level 6.1 Short Blades
 + Level 6.1 Long Blades
 + Level 6.1 Axes
 + Level 9.0 Maces & Flails
 + Level 6.1 Polearms
 + Level 6.1 Staves
 + Level 6.1 Slings
 + Level 6.1 Bows
 + Level 6.1 Crossbows
 + Level 6.1 Throwing
 + Level 7.7 Armour
 + Level 6.1 Dodging
 + Level 7.4 Stealth
 + Level 6.1 Shields
 + Level 6.1 Unarmed Combat
 + Level 6.1 Spellcasting
 + Level 5.0 Conjurations
 + Level 5.0 Hexes
 + Level 5.0 Charms
 + Level 5.0 Summonings
 + Level 5.0 Necromancy
 + Level 5.0 Translocations
 + Level 5.0 Transmutations
 + Level 5.0 Fire Magic
 + Level 5.0 Ice Magic
 + Level 5.0 Air Magic
 + Level 5.0 Earth Magic
 + Level 5.0 Poison Magic
 + Level 6.7 Invocations
 + Level 6.1 Evocations


You had 22 spell levels left.
You didn't know any spells.

Dungeon Overview and Level Annotations

Branches:
Dungeon (10/15)            Temple (1/1) D:6            Lair (0/6) D:10
    Orc: D:9-12

Altars:
Ashenzari
Cheibriados
Dithmenos
Elyvilon
Fedhas
Gozag
Hepliaklqana
Kikubaaqudgha
Makhleb
Nemelex Xobeh
Okawaru
Qazlal
Ru
Sif Muna
Trog
Uskayaw
Vehumet
Wu Jian
Xom
Yredelemnul
Zin
The Shining One

Shops:
D:4 %


Innate Abilities, Weirdness & Mutations

Your experience applies equally to all skills.
You have very sharp teeth.
Your uncanny sense of smell can sniff out nearby items.


Message History

The death yak is moderately wounded.
The death yak gores you.
* * * LOW HITPOINT WARNING * * *
As you read the scroll of fear, it crumbles to dust.
You assume a fearsome visage.
The death yak resists with almost no effort. x2
The death yak gores you but does no damage.
Okay, then.
Unknown command.
You feel much better. The death yak gores you.
Okay, then.
You barely miss the death yak. Your punch misses the death yak.
The death yak is moderately wounded.
The death yak gores you!!
* * * LOW HITPOINT WARNING * * *
You hit the death yak but do no damage.
You bite the death yak, but do no damage.
The death yak is moderately wounded.
The death yak gores you!!
You die...

...##..##.#.#..#.#
...##..##.#.#..#.#
..........#.#..#.#
.#.########.#....#
.#.#..........#..#
.#.#.######.###.>#
.#.#.# #.# ##Y#
.#...# #.# #Y#
.###.# #.# #@#
###########.####.#
(.............##.#
###########.#.##.#
###########.#.##.#
............#.##.#
#############.##.#
#.##.# #.##.#


You could see 2 death yaks.

Vanquished Creatures
  3 two-headed ogres
  The ghost of Shinoi the Protected, a novice DsAK of Lugonu (D:8)
  The ghost of Shinoi the Shield-Bearer, a novice DsAK of Lugonu (D:7)
  Pikel (D:9)
  Joseph (D:8)
  Prince Ribbit (D:7)
  A hippogriff (D:8)
  4 yaks (D:9)
  A hungry ghost (D:8)
  Purgy (D:3)
  2 black bears
  An orc warrior (D:8)
  3 ice beasts
  3 sky beasts
  A necrophage (D:8)
  3 centaurs
  3 ogres (D:8)
  Blork the orc (D:5)
  A big kobold (D:7)
  4 bullfrogs
  A wyvern skeleton (D:8)
  4 killer bees (D:9)
  2 howler monkeys (D:8)
  4 crimson imps
  A lava snake (D:8)
  2 centaur zombies
  2 bullfrog zombies
  A quasit (D:8)
  A centaur skeleton (D:4)
  4 hounds
  A gnoll shaman (D:4)
  3 orc wizards (D:8)
  Crazy Yiuf (D:6)
  4 orc priests (D:8)
  2 jellies
  3 iguanas
  4 worker ants
  A hound skeleton (D:8)
  Robin (D:3)
  7 gnolls
  11 adders
  3 shadow imps
  An ooze (D:1)
  An adder zombie (D:8)
  6 worms
  4 dart slugs
  7 leopard geckos
  28 orcs
  A ball python (D:7)
  8 giant cockroaches
  17 goblins
  5 hobgoblins
  12 jackals
  9 kobolds
  3 quokkas
  7 bats
  A frilled lizard (D:3)
  A leopard gecko zombie (D:5)
  3 rats
214 creatures vanquished.

Vanquished Creatures (others)
  A slave (D:9)
  A centaur zombie (D:9)
  2 orc wizards (D:9)
  3 orcs (D:9)
  A jackal skeleton (D:9)
8 creatures vanquished.

Grand Total: 222 creatures vanquished

Notes
Turn   | Place    | Note
-------+----------+-------------------------------------------
     0 | D:1      | empire the Gnoll Wanderer began the quest for the Orb.
     0 | D:1      | empire set off with: a +2 mace, a +0 ring mail, a potion of lignification, a +0 dagger, a ration
     0 | D:1      | Reached XP level 1. HP: 23/23 MP: 1/1
    98 | D:1      | Reached XP level 2. HP: 28/29 MP: 2/2
   509 | D:2      | Reached XP level 3. HP: 35/35 MP: 3/3
   617 | D:2      | Reached skill level 1 in Invocations
   799 | D:2      | Reached skill level 1 in Short Blades
   799 | D:2      | Reached skill level 1 in Long Blades
   799 | D:2      | Reached skill level 1 in Axes
   799 | D:2      | Reached skill level 1 in Polearms
   799 | D:2      | Reached skill level 1 in Staves
   799 | D:2      | Reached skill level 1 in Slings
   799 | D:2      | Reached skill level 1 in Bows
   799 | D:2      | Reached skill level 1 in Crossbows
   799 | D:2      | Reached skill level 1 in Throwing
   799 | D:2      | Reached skill level 1 in Dodging
   799 | D:2      | Reached skill level 1 in Shields
   799 | D:2      | Reached skill level 1 in Unarmed Combat
   799 | D:2      | Reached skill level 1 in Spellcasting
   799 | D:2      | Reached skill level 1 in Evocations
   825 | D:2      | Reached XP level 4. HP: 41/41 MP: 5/5
   927 | D:2      | Found a hide-covered altar of Uskayaw.
  1219 | D:3      | Reached skill level 1 in Conjurations
  1219 | D:3      | Reached skill level 1 in Hexes
  1219 | D:3      | Reached skill level 1 in Charms
  1219 | D:3      | Reached skill level 1 in Summonings
  1219 | D:3      | Reached skill level 1 in Necromancy
  1219 | D:3      | Reached skill level 1 in Translocations
  1219 | D:3      | Reached skill level 1 in Transmutations
  1219 | D:3      | Reached skill level 1 in Fire Magic
  1219 | D:3      | Reached skill level 1 in Ice Magic
  1219 | D:3      | Reached skill level 1 in Air Magic
  1219 | D:3      | Reached skill level 1 in Earth Magic
  1219 | D:3      | Reached skill level 1 in Poison Magic
  1266 | D:3      | Noticed Purgy
  1297 | D:3      | Killed Purgy
  1297 | D:3      | Reached XP level 5. HP: 26/47 MP: 5/7
  1302 | D:3      | Reached XP level 6. HP: 30/53 MP: 5/8
  1466 | D:3      | Noticed Robin
  1478 | D:3      | Killed Robin
  1637 | D:3      | Found a white marble altar of Elyvilon.
  1910 | D:4      | Reached skill level 5 in Armour
  2244 | D:4      | HP: 2/79 [worm (4)]
  2250 | D:4      | Reached XP level 7. HP: 2/59 MP: 10/10
  2684 | D:4      | Found a bloodstained altar of Trog.
  2688 | D:4      | Found Sesew's Food Shop.
  2785 | D:5      | Entered Level 5 of the Dungeon
  2886 | D:5      | Noticed Blork the orc
  3243 | D:5      | Reached skill level 5 in Stealth
  3321 | D:5      | Reached XP level 8. HP: 52/67 MP: 12/12
  3451 | D:5      | Killed Blork the orc
  3579 | D:6      | Found a shattered altar of Ashenzari.
  3752 | D:6      | Found a staircase to the Ecumenical Temple.
  3799 | Temple   | Entered the Ecumenical Temple
  3924 | Temple   | Became a worshipper of Cheibriados the Contemplative
  4101 | D:6      | Found a runed door.
  4105 | D:6      | Noticed Crazy Yiuf
  4112 | D:6      | Killed Crazy Yiuf
  4745 | D:7      | Reached XP level 9. HP: 59/72 MP: 14/14
  4769 | D:7      | Noticed a two-headed ogre
  4792 | D:7      | Killed a two-headed ogre
  4854 | D:7      | Noticed Prince Ribbit
  4885 | D:7      | Killed Prince Ribbit
  4885 | D:7      | Reached * piety under Cheibriados
  5201 | D:7      | Noticed Shinoi's ghost (novice DsAK)
  5234 | D:7      | Killed Shinoi's ghost
  5234 | D:7      | Reached skill level 5 in Invocations
  5733 | D:8      | Reached XP level 10. HP: 67/79 MP: 17/17
  5801 | D:8      | Reached ** piety under Cheibriados
  6120 | D:8      | Noticed Joseph
  6124 | D:8      | Noticed Shinoi's ghost (novice DsAK)
  6162 | D:8      | Killed Shinoi's ghost
  6162 | D:8      | Reached skill level 5 in Short Blades
  6162 | D:8      | Reached skill level 5 in Long Blades
  6162 | D:8      | Reached skill level 5 in Axes
  6162 | D:8      | Reached skill level 5 in Polearms
  6162 | D:8      | Reached skill level 5 in Staves
  6162 | D:8      | Reached skill level 5 in Slings
  6162 | D:8      | Reached skill level 5 in Bows
  6162 | D:8      | Reached skill level 5 in Crossbows
  6162 | D:8      | Reached skill level 5 in Throwing
  6162 | D:8      | Reached skill level 5 in Dodging
  6162 | D:8      | Reached skill level 5 in Shields
  6162 | D:8      | Reached skill level 5 in Unarmed Combat
  6162 | D:8      | Reached skill level 5 in Spellcasting
  6162 | D:8      | Reached skill level 5 in Evocations
  6180 | D:8      | Killed Joseph
  6318 | D:8      | Reached *** piety under Cheibriados
  6691 | D:8      | Found a blossoming altar of Fedhas.
  6691 | D:8      | Found a deep blue altar of Sif Muna.
  6841 | D:9      | Noticed Pikel
  6847 | D:9      | Killed Pikel
  6895 | D:9      | Noticed a two-headed ogre
  6905 | D:9      | Killed a two-headed ogre
  6905 | D:9      | Reached XP level 11. HP: 24/86 MP: 19/19
  7118 | D:9      | Noticed a two-headed ogre
  7126 | D:9      | Killed a two-headed ogre
  7234 | D:9      | Reached **** piety under Cheibriados
  7234 | D:9      | Reached skill level 5 in Conjurations
  7234 | D:9      | Reached skill level 5 in Hexes
  7234 | D:9      | Reached skill level 5 in Charms
  7234 | D:9      | Reached skill level 5 in Summonings
  7234 | D:9      | Reached skill level 5 in Necromancy
  7234 | D:9      | Reached skill level 5 in Translocations
  7234 | D:9      | Reached skill level 5 in Transmutations
  7234 | D:9      | Reached skill level 5 in Fire Magic
  7234 | D:9      | Reached skill level 5 in Ice Magic
  7234 | D:9      | Reached skill level 5 in Air Magic
  7234 | D:9      | Reached skill level 5 in Earth Magic
  7234 | D:9      | Reached skill level 5 in Poison Magic
  7795 | D:10     | Entered Level 10 of the Dungeon
  7795 | D:10     | Found a staircase to the Lair.
  7795 | D:10     | Noticed a death yak
  7796 | D:10     | Noticed a death yak
  7796 | D:10     | Noticed a death yak
  7821 | D:9      | Slain by a death yak

Skill      XL: |  1  2  3  4  5  6  7  8  9 10 11 |
---------------+----------------------------------+-----
Invocations    | 1 2 3 4 5 6 |  6.7
Short Blades   | 1 2 3 4 5 6 |  6.1
Long Blades    | 1 2 3 4 5 6 |  6.1
Axes           | 1 2 3 4 5 6 |  6.1
Polearms       | 1 2 3 4 5 6 |  6.1
Staves         | 1 2 3 4 5 6 |  6.1
Slings         | 1 2 3 4 5 6 |  6.1
Bows           | 1 2 3 4 5 6 |  6.1
Crossbows      | 1 2 3 4 5 6 |  6.1
Throwing       | 1 2 3 4 5 6 |  6.1
Dodging        | 1 2 3 4 5 6 |  6.1
Shields        | 1 2 3 4 5 6 |  6.1
Unarmed Combat | 1 2 3 4 5 6 |  6.1
Spellcasting   | 1 2 3 4 5 6 |  6.1
Evocations     | 1 2 3 4 5 6 |  6.1
Conjurations   | 1 2 3 4 5 |  5.0
Hexes          | 1 2 3 4 5 |  5.0
Charms         | 1 2 3 4 5 |  5.0
Summonings     | 1 2 3 4 5 |  5.0
Necromancy     | 1 2 3 4 5 |  5.0
Translocations | 1 2 3 4 5 |  5.0
Transmutations | 1 2 3 4 5 |  5.0
Fire Magic     | 1 2 3 4 5 |  5.0
Ice Magic      | 1 2 3 4 5 |  5.0
Air Magic      | 1 2 3 4 5 |  5.0
Earth Magic    | 1 2 3 4 5 |  5.0
Poison Magic   | 1 2 3 4 5 |  5.0
Armour         | 5 6 7 |  7.7
Fighting       | 7 8 9 |  9.0
Maces & Flails | 7 8 9 |  9.0
Stealth        | 5 6 7 |  7.4

Action                   |  1- 3 |  4- 6 |  7- 9 | 10-12 || total
-------------------------+-------+-------+-------+-------++-------
Melee: Mace              |    63 |   213 |   289 |   271 ||   836
       Bite              |     6 |    24 |    34 |    48 ||   112
       Spear             |       |     5 |       |       ||     5
       Punch             |       |     1 |     7 |    14 ||    22
 Fire: Arbalest          |       |       |     9 |     6 ||    15
Evoke: Wand              |       |       |       |     8 ||     8
  Use: Potion            |       |     5 |     6 |     2 ||    13
       Scroll            |       |       |    15 |     6 ||    21
 Stab: Sleeping          |     2 |     6 |    14 |     5 ||    27
       Distracted        |       |     1 |       |     2 ||     3
  Eat: Chunk             |       |     4 |    10 |     6 ||    20
Armor: Ring mail         |    34 |    38 |       |       ||    72
       Troll leather arm |       |    72 |   106 |   103 ||   281
       Skin              |       |    20 |     6 |       ||    26
Dodge: Dodged            |    53 |   224 |   209 |   246 ||   732
